 Dungeon Crawl Stone Soup version 0.17-a0-1069-g92ad481 (webtiles) character file.

25214 mefis231 the Bludgeoner (level 13, -1/80 HPs)
             Began as a Gargoyle Fighter on May 17, 2015.
             Was a High Priest of Okawaru.
             Impaled on a porcupine's spines (12 damage)
             ... on level 5 of the Lair of Beasts.
             The game lasted 00:37:45 (12763 turns).

mefis231 the Bludgeoner (Gargoyle Fighter)         Turns: 12763, Time: 00:37:45

Health: -1/80      AC: 31    Str: 21    XL:     13   Next: 18%
Magic:  12/17      EV: 11    Int: 13    God:    Okawaru [*****.]
Gold:   1401       SH: 12    Dex: 13    Spells: 3 memorised, 6 levels left

rFire  . . .     SeeInvis .     G - +4 flail (venom)
rCold  + . .     Clarity  +     e - +7 scale mail of the Unseen Realm {rC+ rN+}
rNeg   + + .     SustAb   .     c - +0 shield
rPois  ∞         Gourm    .     n - +2 hat
rElec  +         Spirit   .     i - +2 cloak
rCorr  .         Warding  .     (no gloves)
rMut   .         Stasis   .     j - +0 pair of boots (curse)
MR     .....                    J - amulet of clarity
Stlth  ..........               I - +4 ring of dexterity
                                t - +3 ring of evasion

@: finesse, not resistant to hostile enchantments, extremely unstealthy
A: negative energy resistance 1, electricity resistance, unbreathing,
petrification resistance, rot immunity, AC +9
a: Heroism, Finesse, Renounce Religion


You were on level 5 of the Lair of Beasts.
You worshipped Okawaru.
Okawaru was extremely pleased with you.
You were not hungry.

You visited 3 branches of the dungeon, and saw 14 of its levels.
You also visited: Ossuary and Ice Cave.

You collected 1401 gold pieces.

Inventory:

Hand weapons
 G - a +4 flail of venom (weapon)
 H - a +3 flail of holy wrath
 W - the +4 mace of Innocence {drain, MP+9}
   (Okawaru gifted it to you on level 4 of the Lair of Beasts)

   A truly terrible weapon, it drains the life of those it strikes.
   It affects your magic capacity (+9).
Armour
 c - a +0 shield (worn)
 e - the +7 scale mail of the Unseen Realm (worn) {rC+ rN+}
   (Okawaru gifted it to you on level 2 of the Lair of Beasts)

   It protects you from cold.
   It protects you from negative energy.
 i - a +2 cloak (worn)
 j - a cursed +0 pair of boots (worn)
 n - a +2 hat (worn)
Jewellery
 a - a +2 ring of evasion
 p - an uncursed ring of see invisible
 t - a +3 ring of evasion (left hand)
 I - a +4 ring of dexterity (right hand)
 J - an amulet of clarity (around neck)
Magical devices
 b - a wand of fire (6)
 m - a wand of lightning (9)
 w - a wand of teleportation (6)
 y - a wand of slowing (34)
 C - a wand of confusion (7)
 R - a wand of confusion (26)
 Z - a wand of enslavement (11)
Scrolls
 h - a scroll of recharging {unknown}
 l - 2 scrolls of fear
 o - 8 scrolls of remove curse
 s - a scroll of identify
 u - 8 scrolls of teleportation
 x - 2 scrolls of amnesia {unknown}
 D - a scroll of blinking {unknown}
 F - a scroll of enchant armour
 L - a scroll of random uselessness {unknown}
 M - 2 scrolls of immolation {unknown}
 P - 2 scrolls of enchant weapon {unknown}
 Q - 2 scrolls of vulnerability {unknown}
 T - a scroll of holy word {unknown}
Potions
 d - 6 potions of might
 g - 4 potions of curing
 k - 5 potions of flight
 q - 3 potions of haste
 r - 3 potions of cancellation
 v - 2 potions of agility
 z - 3 potions of heal wounds {unknown}
 A - 2 potions of lignification {unknown}
 B - 2 potions of brilliance {unknown}
 E - 4 potions of poison {unknown}
 N - 2 potions of invisibility {unknown}
 O - 3 potions of magic
 S - a potion of berserk rage {unknown}
Books
 K - a book of Burglary

   Spells                             Type                      Level
   a - Swiftness                      Charms/Air                   2
   b - Passwall                       Transmutation/Earth          3
   c - Passage of Golubria            Translocation                4
   d - Lee's Rapid Deconstruction     Earth                        5
   e - Invisibility                   Hexes                        6
   f - Darkness                       Hexes                        7
 V - a book of Minor Magic

   Spells                             Type                      Level
   a - Magic Dart                     Conjuration                  1
   b - Blink                          Translocation                2
   c - Call Imp                       Summoning                    2
   d - Repel Missiles                 Charms/Air                   2
   e - Slow                           Hexes                        2
   f - Conjure Flame                  Conjuration/Fire             3
   g - Mephitic Cloud                 Conjuration/Poison/Air       3
 X - a book of Flames

   Spells                             Type                      Level
   a - Flame Tongue                   Conjuration/Fire             1
   b - Throw Flame                    Conjuration/Fire             2
   c - Conjure Flame                  Conjuration/Fire             3
   d - Inner Flame                    Hexes/Fire                   3
   e - Sticky Flame                   Conjuration/Fire             4
   f - Fireball                       Conjuration/Fire             5
Comestibles
 f - 9 meat rations
 U - a bread ration
 Y - 5 chunks of flesh


   Skills:
 + Level 9.2 Fighting
 + Level 15.8 Maces & Flails
 + Level 9.1 Armour
 + Level 9.3 Shields
 - Level 5.9 Invocations


You had 6 spell levels left.
You knew the following spells:

 Your Spells              Type           Power        Failure   Level  Hunger
a - Swiftness             Chrm/Air       #.......     99%         2    ###....
b - Blink                 Tloc           N/A          99%         2    ###....
c - Repel Missiles        Chrm/Air       #.....       99%         2    ###....


Dungeon Overview and Level Annotations

Branches:
Dungeon (8/15)             Temple (1/1) D:4            Lair (5/8) D:8
  Swamp (0/4) Lair:3
  Snake: Lair:3-6    Spider: Lair:3-6

Altars:
Ashenzari
Cheibriados
Dithmenos
Elyvilon
Fedhas
Gozag
Kikubaaqudgha
Makhleb
Nemelex Xobeh
Okawaru
Qazlal
Ru
Sif Muna
Trog
Vehumet
Xom
Yredelemnul
Zin
The Shining One


Innate Abilities, Weirdness & Mutations

You are resistant to torment.
Your stone body is resilient (AC +9).
You are immune to poison.
You resist negative energy.
You are resistant to electric shocks.
You can survive without breathing.
You are immune to petrification.
You are immune to rotting.


Message History

The seven-headed hydra bites you.
* * * LOW HITPOINT WARNING * * *
The seven-headed hydra bites you but does no damage.
You block the seven-headed hydra's attack.
You are too injured to fight recklessly!
Use which ability? (? or * to list)
You can now deal lightning-fast blows.
You feel somewhat more hungry. You block the porcupine's attack.
You block the seven-headed hydra's attack.
The seven-headed hydra bites you but does no damage. x2
The seven-headed hydra bites you.
* * * LOW HITPOINT WARNING * * *
The seven-headed hydra bites you but does no damage. x2
The seven-headed hydra closely misses you.
You bludgeon the seven-headed hydra!!
You kill the seven-headed hydra!
Okawaru accepts your kill.
The porcupine bites you but does no damage.
You are struck by the porcupine's spines.
You die...

##### #...P####
......#.#####
......r.....##
......[@.#.#.###
...............#
...............###
###
............##...#
#.##
..........#.##...#
#.#.
.........####....##
##.. .........#
###...# #..
........P#
#...####.#
###..##...


You could see a porcupine.

Vanquished Creatures
  Snorg (Lair:4)
  Josephine (Lair:3)
  4 hydras
  2 ice dragons (IceCv)
  The ghost of Viceroy the Grappler, an experienced TrMo of Nemelex Xobeh (Lair:1)
  Sonja (Lair:4)
  The ghost of HEYYEYAAE the Skirmisher, an experienced OpFi of Makhleb (D:6)
  2 ice statues (IceCv)
  Pikel (D:4)
  2 black mambas
  Psyche (D:8)
  4 spiny frogs
  2 komodo dragons
  2 fire drakes (Lair:1)
  A giant leech (Lair:3)
  6 blink frogs (Lair:2)
  A wyvern (D:8)
  2 hippogriffs
  A hungry ghost (D:7)
  5 yaks (Lair:5)
  A basilisk (Lair:3)
  3 wraiths (Lair:4)
  Menkaure (D:5)
  The ghost of Lugonue the Slasher, an average HaWr (Ossuary)
  2 soldier ants (D:7)
  Edmund (D:3)
  5 porcupines
  A swamp drake (D:8)
  12 swamp worms
  6 water moccasins
  2 orc warriors
  24 ice beasts
  3 slaves (D:5)
  A necrophage (D:7)
  2 sky beasts
  A phantom (D:6)
  7 crocodiles
  4 centaurs
  A wyvern zombie (Ossuary)
  9 giant frogs
  A water moccasin zombie (Ossuary)
  8 killer bees (D:7)
  2 scorpions
  An electric eel (Lair:4)
  4 bog bodies (Ossuary)
  7 hounds
  4 centaur zombies
  5 giant frog zombies (Ossuary)
  A quasit (D:4)
  3 crimson imps
  2 jellies
  2 centaur skeletons
  7 orc wizards
  10 iguanas
  3 orc priests
  15 worker ants
  6 sheep (Lair:2)
  8 mummies (Ossuary)
  A hound zombie (Ossuary)
  3 gnolls (D:6)
  23 river rats
  7 adders
  An ooze (D:5)
  2 adder skeletons
  3 adder zombies (Ossuary)
  8 worms (Lair:4)
  4 giant geckos
  22 orcs
  2 bat zombies
  9 giant cockroaches
  10 hobgoblins
  11 jackals
  5 quokkas
  10 bats
  A giant newt (D:2)
  11 goblins
  A jackal skeleton (D:6)
  A jackal zombie (Ossuary)
  6 kobolds
  2 quokka zombies
  7 rats
  A plant (Lair:4)
368 creatures vanquished.

Vanquished Creatures (others)
  2 plants
2 creatures vanquished.

Grand Total: 370 creatures vanquished

Notes
Turn   | Place    | Note
--------------------------------------------------------------
     0 | D:1      | mefis231 the Gargoyle Fighter began the quest for the Orb.
     0 | D:1      | Reached XP level 1. HP: 14/14 MP: 1/1
   376 | D:1      | Reached XP level 2. HP: 14/19 MP: 2/2
   757 | D:2      | Found a white marble altar of Elyvilon.
  1153 | D:2      | Reached XP level 3. HP: 21/23 MP: 3/3
  1613 | D:3      | Reached skill level 4 in Maces & Flails
  1668 | D:3      | Found a sparkling altar of Nemelex Xobeh.
  1673 | D:3      | Reached XP level 4. HP: 25/28 MP: 4/4
  1941 | D:4      | Found a shadowy altar of Dithmenos.
  1961 | D:4      | Noticed Edmund
  2111 | D:3      | Killed Edmund
  2111 | D:3      | Reached skill level 6 in Maces & Flails
  2111 | D:3      | Reached XP level 5. HP: 25/32 MP: 5/5
  2111 | D:3      | Reached XP level 6. HP: 28/37 MP: 6/6
  2342 | D:4      | Found a staircase to the Ecumenical Temple.
  2359 | Temple   | Entered the Ecumenical Temple
  2440 | Temple   | Became a worshipper of Warmaster Okawaru
  2582 | D:5      | Entered Level 5 of the Dungeon
  2590 | D:4      | Reached skill level 1 in Invocations
  2735 | D:5      | Noticed Pikel
  2737 | D:5      | Noticed Menkaure
  2766 | D:4      | Killed Pikel
  2766 | D:4      | Acquired Okawaru's first power
  2766 | D:4      | Reached skill level 8 in Maces & Flails
  2766 | D:4      | Reached XP level 7. HP: 36/41 MP: 7/9
  2766 | D:4      | Reached XP level 8. HP: 40/46 MP: 7/10
  2804 | D:5      | Killed Menkaure
  3174 | D:5      | Found a bloodstained altar of Trog.
  3328 | D:5      | Reached skill level 9 in Maces & Flails
  3857 | D:6      | Noticed HEYYEYAAE's ghost (experienced OpFi)
  3877 | D:6      | Killed HEYYEYAAE's ghost
  3877 | D:6      | Reached skill level 10 in Maces & Flails
  3877 | D:6      | Reached skill level 5 in Invocations
  3877 | D:6      | Reached XP level 9. HP: 49/51 MP: 10/13
  4750 | D:6      | Found a radiant altar of Vehumet.
  4751 | D:6      | Found a burning altar of Makhleb.
  4939 | D:6      | Reached skill level 11 in Maces & Flails
  5686 | D:7      | Reached skill level 12 in Maces & Flails
  5712 | D:7      | Found a blossoming altar of Fedhas.
  5734 | D:7      | Found a sand-covered staircase.
  5886 | Ossuary  | Entered an ossuary
  5956 | Ossuary  | Reached XP level 10. HP: 50/56 MP: 14/14
  6017 | Ossuary  | Noticed Lugonue's ghost (average HaWr)
  6023 | Ossuary  | Killed Lugonue's ghost
  6168 | Ossuary  | Reached skill level 13 in Maces & Flails
  6502 | D:7      | Found a runed door.
  6588 | D:7      | Found a runed door.
  6876 | D:8      | Noticed Psyche
  6890 | D:8      | Killed Psyche
  7438 | D:8      | Reached skill level 14 in Maces & Flails
  7661 | D:8      | Found a sacrificial altar of Ru.
  7835 | D:8      | Acquired Okawaru's second power
  7929 | D:8      | Found a staircase to the Lair.
  8208 | Lair:1   | Entered Level 1 of the Lair of Beasts
  8233 | Lair:1   | Reached XP level 11. HP: 55/62 MP: 15/15
  8572 | Lair:1   | Reached skill level 5 in Shields
  8717 | Lair:1   | Noticed Viceroy's ghost (experienced TrMo)
  8742 | Lair:1   | Killed Viceroy's ghost
  8742 | Lair:1   | Reached skill level 5 in Fighting
  8742 | Lair:1   | Reached skill level 5 in Armour
  8816 | Lair:1   | Noticed a black mamba
  8825 | Lair:1   | Killed a black mamba
  9186 | Lair:2   | Noticed a five-headed hydra
  9200 | Lair:2   | Killed a five-headed hydra
  9200 | Lair:2   | Received a gift from Okawaru
  9221 | Lair:2   | Got a bloodstained scale mail {god gift}
  9235 | Lair:2   | Identified the +7 scale mail of the Unseen Realm {rC+ rN+} (Okawaru gifted it to you on level 2 of the Lair of Beasts)
  9430 | Lair:2   | Noticed a six-headed hydra
  9438 | Lair:2   | Noticed a six-headed hydra
  9441 | Lair:2   | Killed a six-headed hydra
  9462 | Lair:2   | Killed a six-headed hydra
  9478 | Lair:2   | Reached XP level 12. HP: 19/71 MP: 10/16
  9825 | Lair:2   | Reached skill level 15 in Maces & Flails
 10051 | Lair:3   | Found a frozen archway.
 10092 | IceCv    | Entered an ice cave
 10114 | IceCv    | Received a gift from Okawaru
 10115 | IceCv    | Got a faintly humming ring mail {god gift}
 10126 | IceCv    | Identified the +5 ring mail of Jeotuon {rC+} (Okawaru gifted it to you in an ice cave)
 10525 | IceCv    | Noticed an ice dragon
 10537 | IceCv    | Noticed an ice dragon
 10540 | IceCv    | Killed an ice dragon
 10546 | IceCv    | Killed an ice dragon
 10825 | Lair:3   | Learned a level 2 spell: Swiftness
 10853 | Lair:3   | Found a staircase to the Swamp.
 11634 | Lair:4   | Noticed Snorg
 11647 | Lair:4   | Killed Snorg
 11691 | Lair:4   | Noticed Sonja
 11707 | Lair:4   | Killed Sonja
 11839 | Lair:4   | Noticed Josephine
 11888 | Lair:3   | Killed Josephine
 12194 | Lair:4   | Reached XP level 13. HP: 80/80 MP: 17/17
 12465 | Lair:4   | Received a gift from Okawaru
 12466 | Lair:4   | Got a crystal mace {god gift}
 12467 | Lair:4   | Identified the +4 mace of Innocence {drain, MP+9} (Okawaru gifted it to you on level 4 of the Lair of Beasts)
 12483 | Lair:4   | Learned a level 2 spell: Blink
 12486 | Lair:4   | Learned a level 2 spell: Repel Missiles
 12763 | Lair:5   | Impaled on a porcupine's spines

Vault maps used:
D:1:      lightli_arrival_windingriver, hangedman_decor_points
D:2:      elyvilon_altar_3, kennysheep_generic_room_6
D:3:      lemuel_round_altar
D:4:      minmay_temple_entry_purple_smoke, first_bread,
          nicolae_dithmenos_through_a_glass_darkly, uniq_edmund
D:5:      lightli_temple_of_fire, uniq_menkaure, uniq_pikel
D:6:      grunt_temple_overflow_lords_of_destruction
D:7:      lemuel_insect_pit, kennysheep_mini_moat,
          lightli_ossuary_entry_decrepit_ruins
D:8:      nicolae_ru_path_of_blood, erik_lair_dragon, serial_co_window_serial,
          co_window_of_opportunity_a, co_window_paths_a, co_window_paths_b,
          co_window_paths_b, co_window_corner_a, co_window_corner_ca,
          co_window_unsneaky_path_b, co_window_of_opportunity_c,
          co_window_of_opportunity_b, co_window_unsneaky_path_d,
          co_window_broadway_b, glass_columns_a, glass_columns_a,
          glass_columns_b, glass_columns_c, uniq_psyche
Temple:   circular_temple_12
Lair:1:   grunt_forest_small_clearings, grunt_megastairs_3
Lair:3:   minmay_swamp_entry_worms, portal_ice_cave_entry_ice_beasts,
          st_stairs_5, serial_bayou_shore_a
Lair:4:   worms_lemuel, infiniplex_staircase_pool, uniq_sonja, uniq_josephine,
          uniq_snorg
Lair:5:   nicolae_spider_entry_orb_guardian
Ossuary:  ossuary_zaba_flooded
IceCv:    ice_cave_small_dragons

Action                   |  1- 3 |  4- 6 |  7- 9 | 10-12 | 13-15 || total
-------------------------+-------+-------+-------+-------+-------++-------
Melee: Flail             |   148 |   126 |   283 |   914 |   122 ||  1593
Invok: Heroism           |       |       |     1 |    10 |       ||    11
       Finesse           |       |       |       |     4 |     1 ||     5
Evoke: Wand              |       |       |       |     2 |       ||     2
  Use: Potion            |       |     1 |       |     1 |       ||     2
       Scroll            |       |       |    10 |     5 |       ||    15
 Stab: Confused          |       |       |       |     1 |       ||     1
  Eat: Chunk             |     3 |     3 |    11 |    20 |     3 ||    40
       Beef jerky        |       |       |       |     1 |       ||     1
